 Dungeon Crawl Stone Soup version 0.32-a0-683-ge26c5dbc97 (webtiles) character file.

Game seed: 9255354547552219982

462 IndexError the Skirmisher (level 7, -6/56 HPs)
             Began as a Gnoll Hunter on Mar 12, 2024.
             Mangled by an ice beast (12 damage)
             ... on level 5 of the Dungeon.
             The game lasted 00:06:06 (3090 turns).

IndexError the Skirmisher (Gnoll Hunter)            Turns: 3090, Time: 00:06:07

Health: -6/56      AC:  9    Str: 10    XL:     7   Next: 7%
Magic:  10/10      EV: 12    Int:  9    God:
Gold:   202        SH:  0    Dex: 17    Spells: 10/10 levels left

rFire   + . .        b - +2 dagger (venom)
rCold   . . .        (no shield)
rNeg    . . .        f - +1 ring mail {rF+}
rPois   .            (no helmet)
rElec   .            (no cloak)
rCorr   .            v - +2 pair of gloves
SInv    .            (no boots)
Will    .....        (no amulet)
Stlth   ++           (no ring)
HPRegen 0.29/turn    (no ring)
MPRegen 0.12/turn

%: no passive effects
@: no status effects
A: fangs 1, strong nose, distributed training
a: no special abilities


You were on level 5 of the Dungeon.
You visited 1 branch of the dungeon, and saw 5 of its levels.

You collected 202 gold pieces.

Inventory:

Hand Weapons
 a - a +0 shortbow
 b - a +2 dagger of venom (weapon)
   (You found it on level 1 of the Dungeon)
Missiles
 g - 2 throwing nets {=f, !d}
 p - 5 darts of dispersal {=f}
Armour
 c - a +0 leather armour
 f - a +1 ring mail of fire resistance (worn)
   (You found it on level 1 of the Dungeon)
 v - a +2 pair of gloves (worn)
   (You found it on level 4 of the Dungeon)
Magical Staves
 d - a staff of air {rElec}
   (You found it on level 1 of the Dungeon)
Scrolls
 h - a scroll of butterflies
 i - 2 scrolls of fog {unknown}
 k - 2 scrolls of blinking {unknown}
 m - 2 scrolls of enchant armour {unknown}
 q - a scroll of noise {unknown}
 s - a scroll of teleportation {unknown}
 u - 2 scrolls of identify {unknown}
Potions
 e - a potion of enlightenment {unknown}
 j - a potion of mutation {unknown}
 l - a potion of curing {unknown}
 n - 4 potions of magic {unknown}
 o - a potion of cancellation {unknown}
 r - a potion of degeneration {unknown}
 t - 2 potions of lignification {unknown}


   Skills:
 + Level 5.2 Fighting
 + Level 2.3 Short Blades
 + Level 2.3 Long Blades
 + Level 2.3 Axes
 + Level 2.3 Maces & Flails
 + Level 2.3 Polearms
 + Level 2.3 Staves
 + Level 8.9 Ranged Weapons
 + Level 2.3 Throwing
 + Level 2.3 Armour
 + Level 5.2 Dodging
 + Level 3.3 Stealth
 + Level 2.3 Shields
 + Level 2.3 Unarmed Combat
 + Level 2.3 Spellcasting
 + Level 1.9 Conjurations
 + Level 1.9 Hexes
 + Level 1.9 Summonings
 + Level 1.9 Necromancy
 + Level 1.9 Translocations
 + Level 1.9 Fire Magic
 + Level 1.9 Ice Magic
 + Level 1.9 Air Magic
 + Level 1.9 Earth Magic
 + Level 1.9 Alchemy
 + Level 2.6 Invocations
 + Level 2.3 Evocations
 + Level 2.1 Shapeshifting


You had 10 spell levels left.
You didn't know any spells.
Your spell library contained the following spells:

 Spells                   Type           Power      Damage    Failure   Level
 Magic Dart               Conj           16%        1d3       36%         1
 Sting                    Conj/Alch      16%        1d4       36%         1
 Summon Small Mammal      Summ           16%        N/A       36%         1
 Mercury Vapours          Alch/Air       8%         N/A       50%         2
 Searing Ray              Conj           8%         2d4       50%         2
 Call Canine Familiar     Summ           4%         N/A       73%         3
 Fulminant Prism          Conj/Alch      2%         3d5       98%         4
 Olgreb's Toxic Radiance  Alch           4%         N/A       98%         4
 Summon Blazeheart Golem  Fire/Summ      4%         N/A       98%         4


Dungeon Overview and Level Annotations

Branches:
Dungeon (5/15)
 Temple: D:4-7

Altars:
Ashenzari
Elyvilon

Shops:
D:1 =


Innate Abilities, Weirdness & Mutations

You have very sharp teeth.
Your uncanny sense of smell can sniff out nearby items.
Your experience applies equally to all skills.


Message History

You take 2 damage, and have 54/56 hp.
Your +2 dagger of venom begins to drip with poison!
b - a +2 dagger of venom (weapon)
You hit the orc.
The orc wizard hits you with a +0 dagger.
You take 1 damage, and have 54/56 hp.
You hit the orc wizard.
You bite the orc wizard, but do no damage.
The orc wizard completely misses you.
You completely miss the orc wizard. You bite the orc wizard.
The orc wizard misses you.
You completely miss the orc wizard.
The orc wizard hits you but does no damage.
You hit the orc wizard but do no damage.
The orc wizard hits you but does no damage.
You barely miss the orc wizard. The orc wizard barely misses you.
You hit the orc wizard.
The orc wizard is poisoned.
You bite the orc wizard, but do no damage.
You closely miss the orc wizard.
The orc wizard hits you but does no damage.
Health restored: 56 You barely miss the orc wizard.
The orc wizard hits you but does no damage.
You hit the orc wizard.
No target in view!
Your +2 dagger of venom stops dripping with poison.
a - a +0 shortbow (weapon)
Things that are here:
a +0 flail; a boomerang; a +0 ring mail
u - 2 scrolls labelled SEFOHA ZOSIUJ (gained 1)
t - 2 orange potions (gained 1)
You open the door.
There is an open door here.
You open the door.
There is an open door here.
There is an open door here.
You open the door.
There is an open door here.
You open the door.
There is an open door here.
You open the door.
There is an open door here.
You open the door.
There is an open door here.
You open the door.
There is an open door here.
You open the door. You open the door. You open the door.
An ice beast comes into view.
Found an escape hatch in the floor.
You shoot an arrow.
The arrow hits the ice beast but does no damage.
You shoot an arrow. The arrow closely misses the ice beast.
Your +2 dagger of venom begins to drip with poison!
b - a +2 dagger of venom (weapon)
You hit the ice beast.
The ice beast is poisoned.
The ice beast misses you.
You hit the ice beast but do no damage. The ice beast misses you.
You hit the ice beast. The ice beast hits you. The ice beast freezes you!
You take 15 damage, and have 41/56 hp.
MASSIVE DAMAGE!!
You closely miss the ice beast.
You bite the ice beast, but do no damage.
The ice beast hits you. The ice beast freezes you!
You take 15 damage, and have 26/56 hp.
MASSIVE DAMAGE!!
You are too injured to fight recklessly!
You are too injured to fight recklessly!
You hit the ice beast.
The ice beast hits you but does no damage.
You closely miss the ice beast.
The ice beast hits you but does no damage.
You closely miss the ice beast. You hit the ice beast.
You bite the ice beast, but do no damage.
The ice beast hits you but does no damage.
You hit the ice beast but do no damage.
You bite the ice beast, but do no damage.
The ice beast closely misses you.
You hit the ice beast but do no damage. The ice beast hits you.
The ice beast freezes you!
* * * LOW HITPOINT WARNING * * *
You take 13 damage, and have 14/56 hp.
MASSIVE DAMAGE!!
You barely miss the ice beast.
The ice beast hits you but does no damage.
The ice beast attacks as it pursues you!
The ice beast closely misses you.
The ice beast attacks as it pursues you!
The ice beast hits you.
* * * LOW HITPOINT WARNING * * *
The ice beast freezes you!
* * * LOW HITPOINT WARNING * * *
You take 9 damage, and have 6/56 hp.
The ice beast attacks as it pursues you!
The ice beast hits you but does no damage.
You closely miss the ice beast. You hit the ice beast but do no damage.
You bite the ice beast, but do no damage.
The ice beast hits you.
* * * LOW HITPOINT WARNING * * *
The ice beast freezes you!
You die...

#....#..#.........))......#
##....#'##.................#
..###......>.######.........
....#........#....#.........
....#...<....'....#....#####
#####........##+###...##...
....................###....
....................#.....>
#+#####.........@Y..'..♣
#.(...+.............##.....
#.###.###......####......♣.
#.###.#.#......#..#......
#.###.#.#......'..#....♣..
+.....#.#......#..+.......
#####'#'#......####...#...
##..#.......#### ....##..
'....#......#


You could see an ice beast (poisoned).

Vanquished Creatures
  A black bear (D:4)
  A scorpion (D:4)
  A howler monkey (D:4)
  2 orc priests
  A jelly (D:4)
  2 orc wizards
  4 adders
  4 ribbon worms
  2 dart slugs
  14 orcs
  4 endoplasms
  4 giant cockroaches
  7 goblins
  7 hobgoblins
  3 jackals (D:3)
  5 kobolds
  2 quokkas
  4 ball pythons
  2 bats (D:1)
  A frilled lizard (D:3)
  6 rats
77 creatures vanquished.

Notes
Turn   | Place    | Note
-------+----------+-------------------------------------------
     0 | D:1      | IndexError the Gnoll Hunter began the quest for the Orb.
     0 | D:1      | Reached XP level 1. HP: 20/20 MP: 1/1
     9 | D:1      | Noticed an iguana
     9 | D:1      | Noticed a lindwurm
     9 | D:1      | Noticed a wolf
    10 | D:1      | Noticed a mana viper
    10 | D:1      | Noticed a killer bee
   115 | D:1      | Found Esianon's Jewellery Shoppe.
   166 | D:1      | Reached XP level 2. HP: 25/26 MP: 2/2
   819 | D:2      | Reached XP level 3. HP: 31/31 MP: 3/3
   825 | D:2      | Reached skill level 1 in Invocations
   940 | D:2      | Found a faded altar of an unknown god.
   998 | D:2      | Reached skill level 1 in Short Blades
   998 | D:2      | Reached skill level 1 in Long Blades
   998 | D:2      | Reached skill level 1 in Axes
   998 | D:2      | Reached skill level 1 in Maces & Flails
   998 | D:2      | Reached skill level 1 in Polearms
   998 | D:2      | Reached skill level 1 in Staves
   998 | D:2      | Reached skill level 1 in Throwing
   998 | D:2      | Reached skill level 1 in Armour
   998 | D:2      | Reached skill level 1 in Shields
   998 | D:2      | Reached skill level 1 in Unarmed Combat
   998 | D:2      | Reached skill level 1 in Spellcasting
   998 | D:2      | Reached skill level 1 in Evocations
  1239 | D:2      | Reached skill level 1 in Shapeshifting
  1239 | D:2      | Reached XP level 4. HP: 38/38 MP: 5/5
  1497 | D:3      | Reached skill level 1 in Conjurations
  1497 | D:3      | Reached skill level 1 in Hexes
  1497 | D:3      | Reached skill level 1 in Summonings
  1497 | D:3      | Reached skill level 1 in Necromancy
  1497 | D:3      | Reached skill level 1 in Translocations
  1497 | D:3      | Reached skill level 1 in Fire Magic
  1497 | D:3      | Reached skill level 1 in Ice Magic
  1497 | D:3      | Reached skill level 1 in Air Magic
  1497 | D:3      | Reached skill level 1 in Earth Magic
  1497 | D:3      | Reached skill level 1 in Alchemy
  1613 | D:3      | Reached XP level 5. HP: 43/43 MP: 5/7
  2279 | D:4      | Reached skill level 2 in Invocations
  2292 | D:4      | Reached skill level 3 in Stealth
  2292 | D:4      | Reached XP level 6. HP: 23/50 MP: 8/8
  2478 | D:4      | Noticed a black bear
  2489 | D:4      | Killed a black bear
  2490 | D:4      | Reached skill level 5 in Fighting
  2490 | D:4      | Reached skill level 2 in Short Blades
  2490 | D:4      | Reached skill level 2 in Long Blades
  2490 | D:4      | Reached skill level 2 in Axes
  2490 | D:4      | Reached skill level 2 in Maces & Flails
  2490 | D:4      | Reached skill level 2 in Polearms
  2490 | D:4      | Reached skill level 2 in Staves
  2490 | D:4      | Reached skill level 2 in Throwing
  2490 | D:4      | Reached skill level 2 in Armour
  2490 | D:4      | Reached skill level 5 in Dodging
  2490 | D:4      | Reached skill level 2 in Shields
  2490 | D:4      | Reached skill level 2 in Unarmed Combat
  2490 | D:4      | Reached skill level 2 in Spellcasting
  2490 | D:4      | Reached skill level 2 in Evocations
  2667 | D:4      | Reached skill level 2 in Shapeshifting
  2726 | D:4      | Reached XP level 7. HP: 39/56 MP: 10/10
  2836 | D:4      | Found a broken altar of Ashenzari.
  2849 | D:4      | Found a white marble altar of Elyvilon.
  2901 | D:5      | Entered Level 5 of the Dungeon
  3084 | D:5      | HP: 14/56 [ice beast (11)]
  3087 | D:5      | HP: 6/56 [ice beast (8)]
  3090 | D:5      | Mangled by an ice beast

Illustrated notes

Levels and vault maps discovered:
D:1:      onia_arrival_zoo_common, layout_basic, serial_shops, shop,
          chequers_serial_rivers_micro_e
D:2:      layout_rooms, dreamdust_ecumenical_altar_grove, nrook_mini_backslash,
          guppyfry_early_lair_pool
D:3:      layout_basic
D:4:      layout_loops_ring, mainiacjoe_overflow_big_doors, grunt_decor_fettered
D:5:      layout_gridville, tgw_trog, grunt_ministairs_10,
          minmay_misc_feat_encased

Skill      XL: |  1  2  3  4  5  6 |
---------------+-------------------+-----
Invocations    | 1 2 |  2.6
Short Blades   | 1 2 |  2.3
Long Blades    | 1 2 |  2.3
Axes           | 1 2 |  2.3
Maces & Flails | 1 2 |  2.3
Polearms       | 1 2 |  2.3
Staves         | 1 2 |  2.3
Throwing       | 1 2 |  2.3
Armour         | 1 2 |  2.3
Shields        | 1 2 |  2.3
Unarmed Combat | 1 2 |  2.3
Spellcasting   | 1 2 |  2.3
Evocations     | 1 2 |  2.3
Shapeshifting  | 1 2 |  2.1
Conjurations   | 1 |  1.9
Hexes          | 1 |  1.9
Summonings     | 1 |  1.9
Necromancy     | 1 |  1.9
Translocations | 1 |  1.9
Fire Magic     | 1 |  1.9
Ice Magic      | 1 |  1.9
Air Magic      | 1 |  1.9
Earth Magic    | 1 |  1.9
Alchemy        | 1 |  1.9
Stealth        | 3 |  3.3
Fighting       | 5 |  5.2
Dodging        | 5 |  5.2
Ranged Weapons | |  8.9

Action                     |  1- 3 |  4- 6 |  7- 9 || total
---------------------------+-------+-------+-------++-------
  Melee: Dagger            |     4 |    34 |    23 ||    61
         Bite              |     1 |     6 |     7 ||    14
   Fire: Shortbow          |    94 |   105 |    10 ||   209
 Armour: Ring mail         |    20 |    28 |    19 ||    67
  Dodge: Dodged            |    17 |    40 |    11 ||    68

Table legend: (Time is in decaauts)
 A = Elapsed time spent in this place.
 B = Non-inter-level travel time spent in this place.
 C = Inter-level travel time spent in this place.
 D = Time resting spent in this place.
 E = Time spent auto-exploring this place.
 F = Levels seen in this place.
 G = Mean time per level.
                   A        B        C        D        E       F      G
               +--------+--------+--------+--------+--------+-----+--------+
         Total |   3102 |   2848 |    254 |      0 |   2365 |   5 |  620.4 |
       Dungeon |   3102 |   2848 |    254 |      0 |   2365 |   5 |  620.4 |
               +--------+--------+--------+--------+--------+-----+--------+

Top non-repeatable levels by time:
     D:4: 1087 daAuts
     D:1: 822 daAuts
     D:3: 539 daAuts
     D:2: 519 daAuts
     D:5: 133 daAuts

Levels and vault maps discovered:
D:1:      onia_arrival_zoo_common, layout_basic, serial_shops, shop,
          chequers_serial_rivers_micro_e
D:2:      layout_rooms, dreamdust_ecumenical_altar_grove, nrook_mini_backslash,
          guppyfry_early_lair_pool
D:3:      layout_basic
D:4:      layout_loops_ring, mainiacjoe_overflow_big_doors, grunt_decor_fettered
D:5:      layout_gridville, tgw_trog, grunt_ministairs_10,
          minmay_misc_feat_encased

Table legend: (Time is in decaauts)
 A = Elapsed time spent in this place.
 B = Non-inter-level travel time spent in this place.
 C = Inter-level travel time spent in this place.
 D = Time resting spent in this place.
 E = Time spent auto-exploring this place.
 F = Levels seen in this place.
 G = Mean time per level.
                   A        B        C        D        E       F      G
               +--------+--------+--------+--------+--------+-----+--------+
         Total |   3102 |   2848 |    254 |      0 |   2365 |   5 |  620.4 |
       Dungeon |   3102 |   2848 |    254 |      0 |   2365 |   5 |  620.4 |
               +--------+--------+--------+--------+--------+-----+--------+

Top non-repeatable levels by time:
     D:4: 1087 daAuts
     D:1: 822 daAuts
     D:3: 539 daAuts
     D:2: 519 daAuts
     D:5: 133 daAuts

Table legend:
 A = Kills in this place as a percentage of kills in the entire game.
 B = Kills by you in this place as a percentage of kills by you in the entire game.
 C = Kills by friends in this place as a percentage of kills by friends in the entire game.
 D = Other kills in this place as a percentage of other kills in the entire game.
 E = Experience gained in this place as a percentage of experience gained in the entire game.
 F = Experience gained in this place divided by the number of levels of this place that you have seen.
                   A       B       C       D       E      F
               +-------+-------+-------+-------+-------+----------------------
         Total | 100.0 | 100.0 |   N/A |   N/A | 100.0 | 132.2
       Dungeon | 100.0 | 100.0 |   N/A |   N/A | 100.0 | 132.2
               +-------+-------+-------+-------+-------+----------------------
